 Zot Defence DCSS version 0.15.2 (webtiles) character file.

950 HAWKINGL3623 the Skirmisher (level 7, -8/64 HPs)
             Began as a Green Draconian Berserker on Nov 11, 2017.
             Was a Believer of Trog.
             Mangled by Xoule the hill giant
             ... wielding a +0 giant spiked club
              (29 damage)
             ... in the Realm of Zot (Scenario III: Two or Three?).
             The game lasted 00:13:28 (984 turns).

HAWKINGL3623 the Skirmisher (DrBe)                   Turns: 984, Time: 00:13:28

HP  -8/64        AC  6     Str 19      XL: 7   Next: 90%
MP   7/7         EV 15     Int  8      God: Trog [**....]
Gold 0           SH  0     Dex 12      Spells:  0 memorised,  6 levels left

rFire  . . .     SeeInvis .     a - +0 spear
rCold  . . .     Clarity  .     (armour unavailable)
rNeg   . . .     rCorr    .     (no shield)
rPois  +         rRot     .     (helmet restricted)
rElec  .         Spirit   .     (no cloak)
SustAb .         Warding  .     (no gloves)
rMut   .         Stasis   .     (no boots)
Gourm  .                        (no amulet)
MR     .....                    (no ring)
                                (no ring)

@: not resistant to hostile enchantments, very unstealthy
A: breathe noxious fumes, unfitting armour, poison resistance, cold-blooded, AC
+6
a: Make oklob sapling, Make arrow trap, Make plant, Remove Curse, Make burning
bush, Make altar, Make grenades, Make oklob plant, Breathe Noxious Fumes, Burn
Spellbooks, Berserk, Trog's Hand, Renounce Religion


You were in the Realm of Zot.
You worshipped Trog.
Trog was pleased with you.
You were not hungry.

You visited 1 branch

Inventory:

Hand weapons
 a - a +0 spear (weapon)
Comestibles
 d - a bread ration
Scrolls
 i - a scroll of blinking
Potions
 c - 3 potions of curing
 f - a potion of haste
 g - 2 potions of magic
 h - a potion of berserk rage


   Skills:
 + Level 6.5 Fighting
 + Level 5.3 Polearms
 + Level 6.1 Dodging


You had 6 spell levels left.
You didn't know any spells.

Dungeon Overview and Level Annotations

Branches:
    Zot (1/1)

Altars:


Innate Abilities, Weirdness & Mutations

You can breathe blasts of noxious fumes.
Your lurid green scales are hard (AC +6).
Your body does not fit into most forms of armour.
Your system is resistant to poisons.
Your cold-blooded metabolism reacts poorly to cold.


Message History

Your giant spore explodes!
The explosion of spores engulfs you!
You are confused.
Unknown command.
You're too confused!
Your oklob plant spits acid at Xoule.
The splash of acid hits Xoule.
An arrow hits Xoule!
Your oklob plant spits acid at Xoule.
The splash of acid hits Xoule.
Xoule seems less confused.
Xoule hits you with a giant spiked club!!
Xoule barely misses you.
You feel less confused.
Use which ability? (? or * to list)
Press: ? - help, Shift-Dir - straight line, f - Xoule
Aim: Xoule the hill giant, wielding a giant spiked club (moderately wounded)
You fail to use your ability.
Xoule hits you with a giant spiked club!!
You die...

▓▓...▓..▓▓▓▓▓▓▓▓.▓▓▓▓▓▓▓▓..▓...▓▓
▓▓...▓..▓ ▓.▓ ▓..▓...▓▓ ▓....▓..▓
▓▓^▓▓ ▓..▓....▓ .....▓..▓ ▓P..▓
▓..▓..... .....▓..▓ ▓▓...▓▓
▓..▓..... .....▓..▓ ▓▓.....▓▓
▓..▓.....
.....▓..▓▓▓▓▓.....%.▓▓▓▓▓..▓.....
....▓▓...▓▓.)...P.....▓▓...▓▓....
▓▓▓▓▓▓▓...^)^.)C@))^%(^)(.▓▓▓▓▓▓▓
▓▓▓▓▓....%......▓▓▓▓▓
▓▓▓.......▓▓▓ ▓▓.....▓▓ ▓▓...▓▓
▓...▓ ▓▓▓▓▓


You could see Xoule the hill giant and a friendly oklob plant.

Vanquished Creatures
  A yak (Zot)
  A black bear (Zot)
  A gnoll (Zot)
  3 giant mites (Zot)
  2 giant geckos (Zot)
  7 oozes (Zot)
  4 giant cockroaches (Zot)
  5 goblins (Zot)
  4 hobgoblins (Zot)
  A jackal (Zot)
  A kobold (Zot)
  A ball python (Zot)
  7 bats (Zot)
  2 giant newts (Zot)
  9 rats (Zot)
49 creatures vanquished.

Vanquished Creatures (collateral kills)
  A hound (Zot)
  An orc wizard (Zot)
  An ogre skeleton (Zot)
  3 giant mites (Zot)
  A worm (Zot)
  2 orcs (Zot)
  2 bats (Zot)
  4 goblins (Zot)
  4 hobgoblins (Zot)
  A jackal (Zot)
  2 quokkas (Zot)
  2 giant cockroaches (Zot)
  A giant newt (Zot)
  2 giant spores (Zot)
  5 kobolds (Zot)
  A rat (Zot)
33 creatures vanquished.

Vanquished Creatures (others)
  An orc wizard (Zot)
  Jessica (Zot)
  2 orcs (Zot)
  5 goblins (Zot)
  2 hobgoblins (Zot)
  A quokka (Zot)
  4 ball pythons (Zot)
  A giant gecko (Zot)
  A giant newt (Zot)
  A jackal (Zot)
  3 kobolds (Zot)
  2 rats (Zot)
24 creatures vanquished.

Grand Total: 106 creatures vanquished

Notes
Turn   | Place    | Note
--------------------------------------------------------------
     0 | Zot      | HAWKINGL3623, the Draconian Berserker, began the quest for the Orb.
     0 | Zot      | Reached XP level 1. HP: 19/19 MP: 1/1
   250 | Zot      | Reached XP level 2. HP: 26/26 MP: 2/2
   324 | Zot      | Reached XP level 3. HP: 7/33 MP: 3/3
   357 | Zot      | Reached skill level 4 in Fighting
   376 | Zot      | Noticed Plaut
   392 | Zot      | Killed Plaut the yak
   392 | Zot      | Reached skill level 5 in Fighting
   392 | Zot      | Reached XP level 4. HP: 42/42 MP: 4/4
   392 | Zot      | Reached XP level 5. HP: 48/48 MP: 5/5
   392 | Zot      | Reached XP level 6. HP: 56/56 MP: 6/6
   415 | Zot      | Acquired Trog's second power
   472 | Zot      | Reached skill level 5 in Dodging
   472 | Zot      | Your scales start taking on a lurid green colour.
   472 | Zot      | Gained mutation: Your system is resistant to poisons. [draconian maturity]
   472 | Zot      | Reached XP level 7. HP: 62/62 MP: 7/7
   544 | Zot      | Reached skill level 6 in Fighting
   549 | Zot      | Reached skill level 5 in Polearms
   673 | Zot      | Noticed Jessica
   678 | Zot      | Killed Jessica
   971 | Zot      | Noticed Xoule
   984 | Zot      | Mangled by Xoule the hill giant

Action                   |  1- 3 |  4- 6 |  7- 9 || total
-------------------------+-------+-------+-------++-------
Melee: Spear             |    79 |    28 |    62 ||   169
Throw: Stone             |       |       |     1 ||     1
Invok: Berserk           |     1 |     1 |     1 ||     3
 Abil: Make arrow trap   |     3 |       |     2 ||     5
       Breathe Noxious F |       |       |     4 ||     4
       Make plant        |       |       |     1 ||     1
       Make grenades     |       |       |     1 ||     1
       Make oklob plant  |       |       |     1 ||     1
  Use: Potion            |     1 |       |       ||     1
 Stab: Distracted        |       |       |     1 ||     1
